 Dungeon Crawl Stone Soup version 0.17-a0-77-gee7a2f2 (webtiles) character file.

135 Kaesh the Shield-Bearer (level 5, 0/42 HPs)
             Began as a Formicid Fighter on Mar 14, 2015.
             Succumbed to Sigmund's poison
             ... on level 2 of the Dungeon.
             The game lasted 00:05:06 (1099 turns).

Kaesh the Shield-Bearer (Formicid Fighter)          Turns: 1099, Time: 00:05:07

Health: 0/42       AC:  7    Str: 20    XL:     5   Next: 42%
Magic:  7/7        EV: 14    Int:  8    God:
Gold:   78         SH: 10    Dex: 16    Spells: 0 memorised, 4 levels left

rFire  . . .     SeeInvis +     a - +1 war axe
rCold  . . .     Clarity  .     b - +0 scale mail
rNeg   + . .     SustAb   .     c - +0 shield
rPois  .         Gourm    .     (helmet unavailable)
rElec  .         Spirit   .     (no cloak)
rCorr  .         Warding  .     (no gloves)
rMut   .         Stasis   +     (no boots)
MR     .....                    (no amulet)
Stlth  +.........               (no ring)
                                n - ring of positive energy

@: agile, lethally poisoned (0 -> -7), not resistant to hostile enchantments,
very unstealthy
A: permanent stasis, dig shafts and tunnels, four strong arms, antennae 3
a: Dig, Shaft Self


You were on level 2 of the Dungeon.
You were not hungry.

You visited 1 branch of the dungeon, and saw 2 of its levels.

You collected 78 gold pieces.

Inventory:

Hand weapons
 a - a +1 war axe (weapon)
Armour
 b - a +0 scale mail (worn)
 c - a +0 shield (worn)
Jewellery
 n - a ring of positive energy (left hand)
Scrolls
 k - 2 scrolls of teleportation
Potions
 e - a potion of might
Comestibles
 d - a bread ration
 f - 8 chunks of flesh
 h - 4 fruits
 j - a royal jelly
 l - a meat ration
 p - a beef jerky


   Skills:
 + Level 4.1 Fighting
 + Level 3.0 Axes
 + Level 3.9 Armour
 + Level 1.5 Dodging
 + Level 4.5 Shields


You had 4 spell levels left.
You didn't know any spells.

Dungeon Overview and Level Annotations

Branches:
Dungeon (2/15)

Altars:


Innate Abilities, Weirdness & Mutations

You are under a permanent stasis effect.
You can dig through walls and to a lower floor.
Your four strong arms can wield two-handed weapons with a shield.
You have a pair of large antennae on your head (SInv).


Message History

* * * LOW HITPOINT WARNING * * *
You feel sick.
There is a lethal amount of poison in your body!
Read which item? (? for menu, Esc to quit)
As you read the scroll labeled REAXASH LUFETT, it crumbles to dust.
It is a scroll of enchant weapon.
Enchant which weapon? (? for menu, Esc to quit)
Your +0 war axe glows red for a moment.
* * * LOW HITPOINT WARNING * * *
You feel sick.
Read which item? (? for menu, Esc to quit)
As you read the scroll labeled STEIHI TAVIH, it crumbles to dust.
It is a scroll of identify.
Identify which item? (\ to view known items) (? for menu, Esc to quit)
k - 2 scrolls of teleportation
* * * LOW HITPOINT WARNING * * *
You feel sick.
* * * LOW HITPOINT WARNING * * *
You feel sick.
You die...

### #.#
##########.#
.........#.#
########.#.#
####.@..#.#.##
#............#
#....##.#....#
#..).....(...##.#
#.#####.#....##.#
#. #.#.....#.# #
#.#.....#.#
#.#..(#.#.##....
#.#.............


There were no monsters in sight!

Vanquished Creatures
  Sigmund (D:2)
  Robin (D:2)
  An adder (D:2)
  A worm (D:2)
  A giant gecko (D:1)
  7 ball pythons
  2 bats (D:1)
  3 giant cockroaches (D:2)
  12 goblins
  2 hobgoblins (D:1)
  A kobold (D:2)
  A giant newt (D:1)
  4 rats
37 creatures vanquished.

Notes
Turn   | Place    | Note
--------------------------------------------------------------
     0 | D:1      | Kaesh, the Formicid Fighter, began the quest for the Orb.
     0 | D:1      | Reached XP level 1. HP: 18/18 MP: 1/1
    85 | D:1      | Reached XP level 2. HP: 21/24 MP: 3/3
   483 | D:2      | Noticed Robin
   724 | D:2      | Reached XP level 3. HP: 25/30 MP: 4/4
   729 | D:2      | Killed Robin
   729 | D:2      | Reached skill level 1 in Dodging
   904 | D:2      | Reached skill level 4 in Shields
   904 | D:2      | Reached XP level 4. HP: 33/37 MP: 5/5
  1081 | D:2      | Noticed Sigmund
  1092 | D:2      | Killed Sigmund
  1092 | D:2      | Reached XP level 5. HP: 7/42 MP: 7/7
  1095 | D:2      | HP: 2/42 [poisoned by Sigmund]
  1099 | D:2      | Succumbed to Sigmund's poison

Action                   |  1- 3 |  4- 6 || total
-------------------------+-------+-------++-------
Melee: War axe           |    50 |    19 ||    69
  Use: Scroll            |       |     2 ||     2
       Potion            |       |     2 ||     2
  Eat: Chunk             |       |     1 ||     1
